 Dungeon Sprint DCSS version 0.31-a0-879-g1609e0ac53 (webtiles) character file.

Game seed: 13709646958510306464

8661 sircluck the Brawler (level 11, -13/128 HPs)
             Began as a Troll Berserker on Oct 14, 2023.
             Was a High Priest of Trog.
             Mangled by a tentacle (25 damage)
             ... attached to a kraken
             ... in the Dungeon (Sprint II: "The Violet Keep of Menkaure").
             The game lasted 00:06:18 (1089 turns).

sircluck the Brawler (Troll Berserker)              Turns: 1089, Time: 00:06:18

Health: -13/128    AC:  4    Str: 37    XL:     11   Next: 12%
Magic:  10/10      EV: 13    Int:  3    God:    Trog [*****.]
Gold:   700        SH:  0    Dex:  9    Spells: 10/10 levels left

rFire   . .          .
                       - Unarmed
rCold   . . .        (no shield)
rNeg    . . .        a - +0 animal skin
rPois   .            (helmet restricted)
rElec   .            (no cloak)
rCorr   .            (gloves unavailable)
SInv    .            (boots unavailable)
Will    .....        (no amulet)
Stlth   +            j - ring of flight
HPRegen 1.21/turn    k - +6 ring of strength
MPRegen 0.12/turn

%: no teleportation
@: on berserk cooldown, flying, slowed, very slow
A: large, unfitting armour, claws 3, regeneration 1, shaggy fur 1, tough skin 1
a: Renounce Religion, Berserk, Trog's Hand, Brothers in Arms


You were in the Dungeon.
You worshipped Trog.
Trog was extremely pleased with you.
You visited 1 branch You collected 1485 gold pieces.
You spent 785 gold pieces at shops.

Inventory:

Armour
 a - a +0 animal skin (worn)
Jewellery
 j - a ring of flight (left claw)
 k - a +6 ring of strength (right claw)
Wands
 i - a wand of digging (6)
Potions
 d - a potion of haste
 e - 2 potions of magic
 f - a potion of berserk rage


   Skills:
 + Level 13.8 Fighting
 + Level 13.6 Dodging
 + Level 16.0 Unarmed Combat


You had 10 spell levels left.
You didn't know any spells.
Your spell library was empty.

Dungeon Overview and Level Annotations

Branches:
Dungeon (1/1)

Altars:
Cheibriados
Dithmenos
Elyvilon
Fedhas
Gozag
Hepliaklqana
Kikubaaqudgha
Makhleb
Nemelex Xobeh
Okawaru
Qazlal
Ru
Sif Muna
Trog
Uskayaw
Vehumet
Wu Jian
Xom
Yredelemnul
Zin
The Shining One
Jiyva
Lugonu

Shops:
D (::=[!??=:*(??[?!([!=!:

Annotations:
D exclusion: oklob plant, Kirke


Innate Abilities, Weirdness & Mutations

You are too large for most types of armour.
You have claws for hands.
Your natural rate of healing is unusually fast.
You are covered in fur. (AC +1)
You have tough skin. (AC +1)


Message History

The tentacle slaps you. x2
You scratch the tentacle but do no damage.
The tentacle is heavily wounded.
The tentacle completely misses you. The tentacle slaps you!!
The tentacle slaps you. x2
You are too injured to fight recklessly!
You are too injured to fight recklessly!
You are too injured to fight recklessly!
You are too injured to fight recklessly!
You are too injured to fight recklessly!
You are too injured to fight recklessly!
You are too injured to fight recklessly!
You are too injured to fight recklessly!
You are too injured to fight recklessly!
You are too injured to fight recklessly!
You are too injured to fight recklessly!
You are too injured to fight recklessly!
You are too injured to fight recklessly!
You are too injured to fight recklessly!
You are too injured to fight recklessly!
You are too injured to fight recklessly!
You are too injured to fight recklessly!
You are too injured to fight recklessly!
Unknown command.
The tentacle slaps you! The tentacle slaps you!!
* * * LOW HITPOINT WARNING * * *
You claw the tentacle!
The tentacle is moderately wounded.
The tentacle barely misses you. The tentacle slaps you!
* * * LOW HITPOINT WARNING * * *
You feel much better. The tentacle slaps you!
* * * LOW HITPOINT WARNING * * *
The tentacle completely misses you.
Unknown command.
Unknown command.
Your deep troll goes berserk!
The tentacle slaps you!!
* * * LOW HITPOINT WARNING * * *
The tentacle slaps you!!
You die...

*#.*,,*,,*,,,,,,,,**,⌠,*^*,+~,,~+
,+.###*,=▓!$?!??!!▓▓,,,*,*,+~,,~+
,*...####▓!$$:[?$?▓▓,,,*,*,+~,,~+
**#..##.#▓?)[[$?($▓▓,,,*,*,+~,,~+
,,+..#..#▓$$[[[?$)▓▓,,,*,*,+~,,~+
,,#..#..#▓$([([$?)▓▓,⌠,*,*,*~,,~*
###..##.#▓!!$$$$$?▓▓,,,*,*,*~,,~*
.###...##▓▓▓▓▓▓▓+▓▓▓▓+▓*,***~,,~*
...)~~~~~~~~~~~~@wwX≈≈▓,,,,,,,,**
..)†#+########T###Vww≈▓,,,,,,,**
~..~#._._._..#~~~##≈≈≈▓,,,,,,**
~~.~#.._._._.#~~§≈####▓▓▓▓▓~**
~~~~#._._._._#~§~§≈##§.#..▓~*
≈§§~#_._._._.#~§~≈≈≈#§.#..▓~*
≈≈§~#._._._..#§§§~~≈§..†..▓~*
##§≈#_._._...#~~§~≈÷#.†#..▓~*
)#§≈#._._....#§§≈≈≈≈▓..#..▓~*


You could see a kraken, 4 tentacles and a friendly deep troll (summoned,
berserk).

Vanquished Creatures
  2 sphinxes (D)
  2 deep trolls (D)
  An obsidian statue (D)
  A merfolk siren (D)
  An ice statue (D)
  A polar bear (D)
  A flying skull (D)
  2 wyverns (D)
  4 neqoxecs (D)
  Menkaure (D)
  4 water moccasins (D)
  A scorpion (D)
  3 worms (D)
  A tentacle (D)
25 creatures vanquished.

Vanquished Creatures (collateral kills)
  A yaktaur (D)
  2 polar bears (D)
  A hornet (D)
  11 flying skulls (D)
15 creatures vanquished.

Vanquished Creatures (others)
  4 tentacles (D)
4 creatures vanquished.

Grand Total: 44 creatures vanquished

Notes
Turn   | Place    | Note
-------+----------+-------------------------------------------
     0 | D        | sircluck the Troll Berserker began the quest for the Orb.
     0 | D        | Reached XP level 1. HP: 22/22 MP: 0/0
     1 | D        | Noticed a neqoxec
     1 | D        | Noticed a neqoxec
     1 | D        | Noticed a neqoxec
     1 | D        | Noticed a neqoxec
     5 | D        | Lost intelligence.
    13 | D        | Killed a neqoxec
    14 | D        | Reached skill level 5 in Fighting
    14 | D        | Reached skill level 5 in Dodging
    14 | D        | Reached skill level 6 in Unarmed Combat
    14 | D        | Reached XP level 2. HP: 22/35 MP: 1/1
    14 | D        | Reached XP level 3. HP: 27/42 MP: 2/2
    14 | D        | Reached XP level 4. HP: 32/50 MP: 3/3
    15 | D        | Killed a neqoxec
    15 | D        | Reached ** piety under Trog
    16 | D        | Reached skill level 7 in Unarmed Combat
    16 | D        | Reached XP level 5. HP: 29/61 MP: 4/4
    18 | D        | Killed a neqoxec
    19 | D        | Reached skill level 8 in Unarmed Combat
    19 | D        | Reached XP level 6. HP: 32/71 MP: 5/5
    27 | D        | Killed a neqoxec
    28 | D        | Reached skill level 9 in Unarmed Combat
    51 | D        | Noticed a flying skull
    51 | D        | Noticed a flying skull
    51 | D        | Noticed a flying skull
    51 | D        | Noticed a flying skull
    51 | D        | Noticed a flying skull
    51 | D        | Noticed a flying skull
    52 | D        | Noticed a flying skull
    52 | D        | Noticed a flying skull
    52 | D        | Noticed a flying skull
    52 | D        | Noticed a flying skull
    52 | D        | Noticed a flying skull
    53 | D        | Noticed a flying skull
    53 | D        | Noticed Menkaure
    55 | D        | Killed Menkaure
    55 | D        | Reached *** piety under Trog
    56 | D        | Reached XP level 7. HP: 67/80 MP: 6/6
    79 | D        | Noticed an ice statue
    84 | D        | Found Dithril's Book Emporium.
    86 | D        | Found Keadumom's Jewellery Shoppe.
    87 | D        | Found Dejac's Antique Armour Emporium.
    89 | D        | Found Bavocof's Magic Scroll Shoppe.
    89 | D        | Found Newn's Antique Weapon Shoppe.
    89 | D        | Found Ytselup's Weapon Emporium.
    90 | D        | Found Fykhlipry's Jewellery Shoppe.
    90 | D        | Found Ulofef's Distillery.
    90 | D        | Found Qeimn's Magic Scroll Emporium.
    91 | D        | Found Vailaw's Distillery.
    99 | D        | Noticed a wyvern
    99 | D        | Noticed a wyvern
   101 | D        | Killed a wyvern
   102 | D        | Reached skill level 10 in Unarmed Combat
   105 | D        | Killed a wyvern
   114 | D        | Found Qeffylom's Antique Armour Shoppe.
   114 | D        | Found Yguceemp's Jewellery Emporium.
   114 | D        | Noticed a death yak
   114 | D        | Noticed an oklob plant
   115 | D        | Found Wangoz's Book Shoppe.
   115 | D        | Found Ifeadust's Weapon Emporium.
   115 | D        | Found Moynadud's Book Shoppe.
   116 | D        | Noticed a cane toad
   116 | D        | Noticed a cane toad
   126 | D        | Bought a scroll of revelation for 90 gold pieces
   151 | D        | Noticed a merfolk siren
   158 | D        | Killed a merfolk siren
   158 | D        | Reached **** piety under Trog
   159 | D        | Reached skill level 11 in Unarmed Combat
   159 | D        | Reached XP level 8. HP: 75/92 MP: 7/7
   218 | D        | Killed a flying skull
   221 | D        | Killed a flying skull
   222 | D        | Reached skill level 10 in Fighting
   224 | D        | Killed a flying skull
   225 | D        | Reached skill level 10 in Dodging
   226 | D        | Killed a flying skull
   227 | D        | Reached skill level 12 in Unarmed Combat
   228 | D        | Killed a flying skull
   229 | D        | Reached XP level 9. HP: 35/102 MP: 8/8
   234 | D        | Reached ***** piety under Trog
   235 | D        | Reached skill level 13 in Unarmed Combat
   348 | D        | Bought a ring of flight for 227 gold pieces
   348 | D        | Bought a +6 ring of strength for 468 gold pieces
   363 | D        | Found Wohoh's Distillery.
   363 | D        | Found Zuhosed's Antique Armour Shop.
   363 | D        | Found Zemychaz's Assorted Antiques.
   363 | D        | Found Rynelirph's Magic Scroll Boutique.
   363 | D        | Found Hytuepn's Magic Scroll Shop.
   363 | D        | Found Xusynge Pafa's Magic Scroll Emporium.
   363 | D        | Found Doongizo's Book Boutique.
   363 | D        | Found Dyebin's Distillery.
   363 | D        | Noticed a fire dragon
   363 | D        | Noticed a bone dragon
   363 | D        | Noticed an elephant
   363 | D        | Noticed a centaur warrior
   363 | D        | Noticed Kirke
   363 | D        | Noticed a cacodemon
   363 | D        | Noticed a storm dragon
   363 | D        | Noticed a yaktaur captain
   363 | D        | Noticed a kobold demonologist
   363 | D        | Noticed a skeletal warrior
   387 | D        | Killed an ice statue
   547 | D        | Noticed an obsidian statue
   551 | D        | Found an iron altar of Okawaru.
   552 | D        | Found a sparkling altar of Nemelex Xobeh.
   554 | D        | Found an opulent altar of Gozag.
   554 | D        | Found a radiant altar of Vehumet.
   554 | D        | Found a hide-covered altar of Uskayaw.
   554 | D        | Found a bloodstained altar of Trog.
   556 | D        | Found a burning altar of Makhleb.
   557 | D        | Found a blossoming altar of Fedhas.
   557 | D        | Found a corrupted altar of Lugonu.
   557 | D        | Found a glowing silver altar of Zin.
   557 | D        | Found a basalt altar of Yredelemnul.
   557 | D        | Found a shimmering blue altar of Sif Muna.
   557 | D        | Found a shimmering altar of Xom.
   558 | D        | Found a white marble altar of Elyvilon.
   558 | D        | Found an ancient bone altar of Kikubaaqudgha.
   558 | D        | Found a sacrificial altar of Ru.
   559 | D        | Found a glowing golden altar of the Shining One.
   559 | D        | Found an ornate altar of the Wu Jian Council.
   564 | D        | Noticed a polar bear
   564 | D        | Noticed a polar bear
   565 | D        | Noticed a polar bear
   569 | D        | Noticed a yaktaur
   572 | D        | Killed a polar bear
   574 | D        | Killed a polar bear
   575 | D        | Reached XP level 10. HP: 113/115 MP: 9/9
   577 | D        | Received a gift from Trog
   578 | D        | Reached skill level 14 in Unarmed Combat
   602 | D        | Found a stormy altar of Qazlal.
   602 | D        | Found a viscous altar of Jiyva.
   602 | D        | Found a shadowy altar of Dithmenos.
   613 | D        | Found a hazy altar of Hepliaklqana.
   613 | D        | Found a snail-covered altar of Cheibriados.
   626 | D        | Noticed a kraken
   758 | D        | Noticed a deep troll
   758 | D        | Noticed a deep troll
   763 | D        | Killed a deep troll
   768 | D        | Killed a deep troll
   827 | D        | Noticed a sphinx
   827 | D        | Noticed a sphinx
   832 | D        | Killed a sphinx
   833 | D        | Reached skill level 15 in Unarmed Combat
   835 | D        | Paralysed by a sphinx for 3 turns
   847 | D        | Killed a sphinx
   847 | D        | Reached ****** piety under Trog
   848 | D        | Reached XP level 11. HP: 82/128 MP: 10/10
   931 | D        | Noticed a sixfirhy
   934 | D        | Noticed a sixfirhy
   936 | D        | Noticed a sun demon
   940 | D        | Noticed a sixfirhy
   940 | D        | Noticed a soul eater
   940 | D        | Killed an obsidian statue
   940 | D        | Received a gift from Trog
   941 | D        | Reached skill level 16 in Unarmed Combat
  1089 | D        | Mangled by a tentacle

Illustrated notes

Levels and vault maps discovered:
D:        the_violet_keep_of_menkaure [sprint2_stairs_cluster_1,
          sprint2_shoproom, sprint2_temple, sprint2_basic_supplies,
          sprint2_obstacle_2, sprint2_obstacle_3, sprint2_obstacle_1,
          sprint2_obstacle_6, sprint2_obstacle_5, sprint2_timed_cluster_1,
          sprint2_smallroom_cluster_1, sprint2_smallroom_final_cluster_1,
          sprint2_transparent_cluster_1, sprint2_second_timed_cluster_1,
          sprint2_sniper_area_1, sprint2_heavy_combat_area_1,
          sprint2_mutation_trap_area_1, sprint2_forest_area_1,
          sprint2_light_combat_area_1, sprint2_behind_water_1,
          sprint2_near_end_vault_1]

Skill      XL: |  1  2  3  4  5  6  7  8  9 10 11 |
---------------+----------------------------------+-----
Fighting       | 5 6 7 8 9 10 11 13 | 13.8
Dodging        | 5 6 7 8 9 10 11 13 | 13.6
Unarmed Combat | 6 7 8 9 11 12 13 15 16 | 16.0

Action                     |  1- 3 |  4- 6 |  7- 9 | 10-12 || total
---------------------------+-------+-------+-------+-------++-------
  Melee: Unarmed           |     7 |    16 |    33 |    58 ||   114
         Punch             |     1 |       |     2 |     5 ||     8
 Invoke: Berserk           |     1 |       |     1 |     4 ||     6
         Brothers in Arms  |       |       |     3 |     1 ||     4
    Use: Scroll            |       |       |     1 |     1 ||     2
         Potion            |       |       |       |     2 ||     2
 Armour: Animal skin       |     6 |     8 |    39 |    74 ||   127
  Dodge: Dodged            |     1 |     6 |    19 |    31 ||    57

Table legend: (Time is in decaauts)
 A = Elapsed time spent in this place.
 B = Non-inter-level travel time spent in this place.
 C = Inter-level travel time spent in this place.
 D = Time resting spent in this place.
 E = Time spent auto-exploring this place.
 F = Levels seen in this place.
 G = Mean time per level.
                   A        B        C        D        E       F      G
               +--------+--------+--------+--------+--------+-----+--------+
         Total |   1105 |   1077 |     28 |    506 |    106 |   1 | 1105.0 |
       Dungeon |   1105 |   1077 |     28 |    506 |    106 |   1 | 1105.0 |
               +--------+--------+--------+--------+--------+-----+--------+

Top non-repeatable levels by time:
       D: 1105 daAuts
